Map: Goldenaura LE

Players

Jasmin

  • Race: Protoss Protoss
  • League: Platinum
  • Spawn Location: 5:00

demzi - Winner!

  • Race: Zerg Zerg
  • League: Silver
  • Spawn Location: 12:00

VOD

Have the link to the VOD?

Description

Time

  • Played on: March 21, 2024, 10:31 a.m.
  • Length: 13:10
Show
View Real Time Build Order
Export as new Build Order

Jasmin Protoss 

Build Orders: 1 Gate Expand, Oracle Opening 

Get SALT Encoding   

  12  0:00  Probe  
  13  0:12  Probe  
  14  0:19  Pylon  
  14  0:24  Probe  
  15  0:37  Probe (Chrono Boost)  
  15  0:39  Gateway  
  16  0:43  Assimilator  
  16  0:49  Probe (Chrono Boost)  
  17  0:55  Probe (Chrono Boost)  
  18  1:03  Probe (Chrono Boost)  
  19  1:13  Probe (Chrono Boost)  
  20  1:18  Probe (Chrono Boost)  
  21  1:30  Nexus  
  21  1:37  Cybernetics Core  
  21  1:42  Assimilator  
  21  1:48  Pylon  
  21  1:51  Probe  
  22  2:03  Probe  
  23  2:12  Adept (Chrono Boost)  
  25  2:20  Stargate  
  25  2:23  Probe  
  26  2:30  Warp Gate  
  26  2:35  Adept  
  26  2:36  Probe (Chrono Boost)  
  29  2:42  Gateway  
  29  2:43  Probe (Chrono Boost)  
  31  2:52  Probe (Chrono Boost)  
  31  2:53  Probe (Chrono Boost)  
  31  2:58  Probe (Chrono Boost)  
  32  2:59  Probe  
  32  3:00  Assimilator  
  32  3:05  Oracle  
  37  3:10  Probe  
  37  3:12  Stalker  
  40  3:19  Probe  
  41  3:22  Probe  
  42  3:31  Adept, Probe  
  45  3:34  Probe  
  45  3:36  Pylon  
  46  3:42  Pylon  
  46  3:50  Forge  
  46  3:54  Adept  
  46  3:55  Twilight Council  
  48  4:08  Probe  
  48  4:09  Probe  
  50  4:29  Nexus  
  50  4:35  Pylon  
  50  4:39  Probe x2  
  50  4:40  Charge  
  50  4:44  Pylon  
  52  4:46  Protoss Ground Weapons Level 1 (Chrono Boost)  
  52  4:48  Pylon  
  52  5:00  Gateway  
  52  5:07  Gateway  
  52  5:11  Gateway  
  52  5:15  Photon Cannon  
  52  5:17  Shield Battery  
  52  5:26  Zealot x2  
  57  5:28  Probe x2  
  57  5:29  Assimilator  
  57  5:32  Templar Archives  
  58  5:37  Forge  
  58  5:42  Probe x2 (Chrono Boost)  
  61  5:43  Probe (Chrono Boost)  
  61  5:54  Probe (Chrono Boost)  
  64  5:57  Probe x2 (Chrono Boost)  
  64  5:59  Probe (Chrono Boost)  
  65  6:04  Probe  
  65  6:05  Probe  
  65  6:07  Psionic Storm  
  65  6:08  Probe  
  68  6:13  Pylon  
  68  6:15  High Templar x4  
  68  6:16  High Templar  
  68  6:17  Probe x2  
  68  6:18  Protoss Ground Armor Level 1 (Chrono Boost)  
  80  6:20  Probe  
  80  6:21  Photon Cannon  
  81  6:29  Probe x2  
  81  6:32  Probe  
  84  6:37  Pylon  
  84  6:41  Probe x2 (Chrono Boost), Pylon  
  84  6:44  Probe (Chrono Boost)  
  87  6:48  Photon Cannon  
  87  6:52  Assimilator  
  87  6:53  Probe (Chrono Boost)  
  89  6:54  Assimilator  
  89  6:56  Probe (Chrono Boost)  
  89  6:59  Photon Cannon, Probe (Chrono Boost)  
  90  7:02  High Templar, Probe (Chrono Boost)  
  90  7:03  High Templar, Zealot x2, Probe (Chrono Boost)  
  90  7:06  Probe (Chrono Boost)  
  90  7:07  Protoss Ground Weapons Level 2, Probe  
  101  7:11  Probe  
  103  7:17  Probe  
  103  7:19  Probe  
  105  7:27  Stalker x2  
  105  7:29  Nexus  
  109  7:32  Pylon  
  109  7:34  Gateway  
  109  7:38  Gateway  
  109  7:49  Pylon  
  109  7:52  Pylon  
  109  7:56  Pylon  
  109  8:02  Photon Cannon  
  109  8:07  Robotics Facility  
  109  8:14  Gateway  
  109  8:16  Gateway  
  109  8:18  Photon Cannon  
  109  8:19  Photon Cannon  
  109  8:20  Photon Cannon  
  109  8:24  Shield Battery  
  109  8:32  Zealot  
  109  8:33  Zealot x5  
  109  8:34  Zealot  
  123  8:53  Probe x3  
  123  8:55  Zealot x2  
  128  8:56  Zealot x5  
  128  9:02  Fleet Beacon  
  140  9:03  Pylon x2  
  140  9:09  Assimilator  
  140  9:11  Pylon  
  140  9:13  Assimilator  
  140  9:19  Pylon  
  140  9:20  Warp Prism, Pylon  
  140  9:22  High Templar x4  
  140  9:23  High Templar x2  
  140  9:24  High Templar x2  
  156  9:25  Zealot  
  156  9:26  Probe  
  156  9:27  Probe  
  156  9:30  Archon x2  
  162  9:31  Archon  
  162  9:32  Archon  
  162  9:34  Pylon  
  144  9:54  Zealot x2  
  144  9:55  Zealot  
  144  9:56  Stalker  
  144  10:09  Pylon  
  144  10:14  Zealot x3  
  146  10:16  Gateway, Protoss Ground Weapons Level 3 (Chrono Boost)  
  146  10:18  Protoss Ground Armor Level 2 (Chrono Boost)  
  150  10:21  Pylon  
  147  10:31  Zealot x4  
  137  10:48  Immortal  
  137  10:49  Zealot x2  
  137  10:50  Zealot x2  
  137  11:02  Probe x2  
  139  11:07  Gateway  
  139  11:08  Gateway  
  131  11:12  Gateway  
  131  11:15  Mothership, Archon x2  
  131  11:17  Gateway, Zealot x5  
  131  11:18  Zealot x3, Gateway  
  149  11:21  Gateway  
  149  11:25  Robotics Facility  
  131  11:26  Robotics Facility  
  123  11:39  Immortal  
  108  11:54  Zealot x3  
  108  11:55  Zealot x4  
  110  12:17  Immortal x2  
  110  12:20  Robotics Bay  
  114  12:23  Nexus  
  114  12:24  Pylon  
  114  12:28  High Templar x4  
  114  12:29  High Templar x4  
  124  12:30  Zealot x4  
  124  12:31  Zealot  
  124  12:36  Archon x2  
  130  12:37  Archon x2  
  130  12:41  Probe x2  
  130  12:44  Zealot  
Show
View Real Time Build Order
Export as new Build Order

demzi Zerg - Winner!

Build Orders: Hatch First, Roach Hydra 

Get SALT Encoding   

  12  0:00  Drone  
  13  0:12  Overlord  
  13  0:17  Drone  
  14  0:30  Drone x2  
  16  0:50  Hatchery  
  15  1:02  Drone x3  
  18  1:08  Extractor  
  17  1:18  Drone  
  18  1:24  Drone  
  19  1:35  Drone  
  20  1:45  Overlord  
  20  2:10  Drone x3, Spawning Pool  
  22  2:23  Drone x2  
  22  2:25  Overlord  
  22  2:29  Hatchery  
  23  2:31  Pneumatized Carapace  
  23  2:46  Overlord  
  23  2:57  Queen  
  25  3:08  Drone x6  
  31  3:14  Queen  
  34  3:20  Drone x2  
  35  3:30  Overlord x2  
  35  3:41  Queen  
  35  3:43  Drone x3  
  40  3:50  Lair  
  40  3:53  Drone x3  
  43  4:08  Evolution Chamber  
  42  4:10  Drone  
  42  4:11  Drone x5, Evolution Chamber  
  42  4:13  Roach Warren  
  43  4:20  Drone x3  
  41  4:29  Drone x4  
  45  4:34  Spore Crawler  
  45  4:36  Spore Crawler  
  45  4:38  Spore Crawler  
  42  4:40  Zerg Missile Weapons Level 1  
  42  4:44  Zerg Ground Armor Level 1  
  42  4:50  Drone x3  
  42  4:51  Drone  
  42  4:52  Drone  
  47  4:58  Extractor  
  47  4:59  Drone x3  
  49  5:00  Extractor  
  49  5:01  Drone  
  49  5:02  Drone  
  50  5:12  Overseer  
  50  5:17  Drone x3  
  50  5:18  Drone x3  
  50  5:20  Drone  
  50  5:21  Drone x2, Extractor  
  59  5:24  Drone x2  
  62  5:28  Drone x4  
  62  5:32  Glial Reconstitution  
  64  5:40  Drone x3  
  67  5:54  Extractor  
  67  5:56  Extractor  
  65  5:59  Overlord x5  
  65  6:01  Roach x4  
  73  6:12  Overlord  
  73  6:13  Overlord x2  
  73  6:14  Hydralisk Den  
  72  6:26  Hatchery  
  72  6:27  Roach x6  
  72  6:28  Roach x3  
  89  6:37  Zerg Missile Weapons Level 2  
  89  6:49  Zerg Ground Armor Level 2  
  89  6:51  Drone x3  
  89  6:52  Drone x3  
  95  6:59  Queen  
  97  7:01  Overlord x3  
  97  7:02  Overlord  
  97  7:06  Roach x6  
  109  7:13  Muscular Augments  
  109  7:19  Overlord x2  
  109  7:20  Overlord x2  
  109  7:34  Drone x2  
  109  7:35  Drone x2  
  113  7:43  Roach  
  113  7:44  Roach x9  
  133  7:46  Extractor, Ravager x2  
  133  7:48  Extractor  
  133  7:58  Drone x3  
  135  7:59  Drone x3  
  135  8:00  Drone x2  
  135  8:01  Drone x5  
  146  8:11  Drone x3  
  146  8:12  Drone  
  150  8:14  Roach  
  150  8:15  Roach x2  
  150  8:17  Grooved Spines  
  156  8:25  Hydralisk x6  
  156  8:26  Hydralisk  
  170  8:35  Hydralisk  
  170  8:36  Hydralisk x4  
  170  8:39  Ravager x4  
  184  8:44  Drone x3  
  184  8:46  Drone x2  
  189  8:51  Drone  
  189  8:54  Roach x5  
  200  9:18  Nydus Network  
  200  9:25  Infestation Pit  
  191  9:39  Overlord x3  
  160  9:56  Roach  
  160  9:57  Roach x15  
  160  9:58  Roach x12  
  151  10:10  Spire  
  151  10:12  Hive  
  151  10:13  Roach x5  
  151  10:14  Roach  
  163  10:21  Zergling x6  
  155  10:44  Roach x14  
  155  10:45  Roach x3  
  177  10:54  Roach x4  
  140  11:16  Roach x10  
  140  11:17  Roach  
  124  11:26  Queen  
  124  11:30  Roach x3  
  104  11:43  Roach  
  104  11:44  Roach x3  
  93  11:52  Roach x2  
  83  11:57  Roach  
  83  11:58  Roach x6  
  78  12:09  Roach x3  
  73  12:17  Roach x3  
  73  12:18  Queen  
  73  12:20  Queen  
  73  12:21  Queen  
  77  12:29  Roach  
  76  12:30  Roach x2  
  62  12:40  Roach x3  
  62  12:43  Roach  
Tags
 
Add a new tag
Caveats
  • Supply blocks, unpowered buildings, or Contaminate may cause inaccurate times.
  • Supply counts are checked every 10 seconds.